 Dungeon Crawl Stone Soup version 0.31.0-11-ge490571c62 (webtiles) character file.

Game seed: 3454498756152722138

3 PaiMei the Grave Robber (level 1, 0/13 HPs)
             Began as a Demonspawn Necromancer on Jan 30, 2024.
             Slain by a ball python (1 damage)
             ... on level 1 of the Dungeon.
             The game lasted 00:00:31 (28 turns).

PaiMei the Grave Robber (Demonspawn Necromancer)      Turns: 28, Time: 00:00:31

Health: 0/13       AC:  2    Str:  8    XL:     1   Next: 41%
Magic:  1/3        EV:  9    Int: 15    God:
Gold:   0          SH:  0    Dex: 13    Spells: 3/4 levels left

rFire   . . .        (no weapon)
rCold   . . .        (no shield)
rNeg    . . .        a - +0 robe
rPois   .            (no helmet)
rElec   .            (no cloak)
rCorr   .            (no gloves)
SInv    .            (no boots)
Will    .....        (no amulet)
Stlth   ++           (no ring)
HPRegen 0.22/turn    (no ring)
MPRegen 0.08/turn

%: no passive effects
@: constricted
A: no striking features
a: no special abilities


You were on level 1 of the Dungeon.
You visited 1 branch of the dungeon, and saw 1 of its levels.

Inventory:

Armour
 a - a +0 robe (worn)
Potions
 b - a potion of magic


   Skills:
 + Level 1.8 Dodging
 + Level 1.8 Stealth
 + Level 2.0 Spellcasting
 + Level 4.4 Necromancy


You had 3 spell levels left.
You knew the following spells:

 Your Spells              Type           Power      Damage    Failure   Level
a - Necrotise             Necr           56%        1d6       3%          1

Your spell library contained the following spells:

 Spells                   Type           Power      Damage    Failure   Level
 Vampiric Draining        Necr           14%        2d7       11%         3
 Animate Dead             Necr           14%        N/A       34%         4
 Curse of Agony           Necr           14%        N/A       69%         5


Dungeon Overview and Level Annotations

Branches:
Dungeon (1/15)

Altars:


Message History

Your frilled lizard skeleton barely misses the ball python.
The endoplasm hits your frilled lizard skeleton.
There is an open door here.
You barely miss the endoplasm.
Your frilled lizard skeleton bites the endoplasm.
The endoplasm hits your frilled lizard skeleton.
The endoplasm freezes you.
You are frozen.
You hit the endoplasm.
The endoplasm is heavily wounded.
The endoplasm barely misses your frilled lizard skeleton.
Your frilled lizard skeleton bites the endoplasm.
The endoplasm hits you.
You hit the endoplasm but do no damage.
The endoplasm is heavily wounded.
The ball python completely misses you. The ball python barely misses you.
The endoplasm closely misses your frilled lizard skeleton.
The endoplasm freezes you.
You are frozen.
Your frilled lizard skeleton bites the endoplasm.
You hit the endoplasm but do no damage.
The endoplasm is heavily wounded.
The ball python bites you. The ball python closely misses you.
The endoplasm barely misses your frilled lizard skeleton.
The endoplasm hits you.
* * * LOW HITPOINT WARNING * * *
You hit the endoplasm but do no damage.
The endoplasm is heavily wounded.
The ball python bites you.
* * * LOW HITPOINT WARNING * * *
The ball python grabs you. The ball python constricts you.
Your frilled lizard skeleton bites the endoplasm but does no damage.
Your hobgoblin skeleton hits the endoplasm.
The endoplasm freezes your frilled lizard skeleton.
Your frilled lizard skeleton is frozen.
Your frilled lizard skeleton completely resists.
The endoplasm hits you.
* * * LOW HITPOINT WARNING * * *
The ball python bites you.
You die...

♣......###
♣..)...S.8
♣.J......S
♣#Z.#..P..
#..# ....
#..# P..
#Z.# P.
#JS# .
#@##
##..##
#....#
#<...#
##..##
####


You could see 2 endoplasms, a ball python, a friendly frilled lizard skeleton
and a friendly hobgoblin skeleton.

Vanquished Creatures
  A hobgoblin (D:1)
  A frilled lizard (D:1)
2 creatures vanquished.

Vanquished Creatures (collateral kills)
  A goblin (D:1)
1 creature vanquished.

Grand Total: 3 creatures vanquished

Notes
Turn   | Place    | Note
-------+----------+-------------------------------------------
     0 | D:1      | PaiMei the Demonspawn Necromancer began the quest for the
                  | Orb.
     0 | D:1      | Reached XP level 1. HP: 13/13 MP: 3/3
    28 | D:1      | Slain by a ball python

Illustrated notes

Levels and vault maps discovered:
D:1:      sevenhm_arrival_forest_fort_large_4, layout_basic, minmay_cupped

Action                     || total
---------------------------++-------
  Melee: Unarmed           ||     5
   Cast: Necrotise         ||     3
 Armour: Robe              ||     7
  Dodge: Dodged            ||     5
